Description

Pig mech opener modified by kain

Build Order

Get SALT Encoding   

  14  0:16  Supply Depot  
  16  0:40  Barracks  4x marines
  16  0:45  Refinery  Send SCV to scout the map
  20  1:47  Command Center  On Natural expand location
  20  1:55  Factory   1x cyclone into Tank
  20  1:45  Orbital Command  
  21  2:09  Refinery  
  22  2:16  Supply Depot  Complete main wall in full depot prod after
  28  2:52  Starport  2x Liberators
  29  2:59  Orbital Command  On Natural expand
  44  3:57  Command Center  3rd CC
  49  4:22  Refinery x2  Take both gas in natural expand
  58  4:55  Barracks Reactor  
  62  5:13  Orbital Command  on 3rd CC then float 3rd expansion
  62  5:33  Factory x2  On Tech lab, On Reactor
  64  5:41  Starport Reactor  
  66  5:55  Armory  
  71  6:11  Engineering Bay  
  81  6:41  Factory x3  6x factory total (2 reactor / 4 techlab)
  84  6:50  Refinery x2  3rd expand gas Barrack to scout
  105  7:38  Missile Turret  if necessary against drop
  108  7:54  Factory Tech Lab x2  
  191  10:10  Command Center x2  4th cc, 5th cc
Spawning Tool Build Advisor. Get it on Overwolf

Go to:

Details

  • Created by: w0rmsnack
  • Published on: Aug 22, 2022
  • Modified on: Aug 22, 2022
  • Patch: 4.11.0
  • Difficulty: Medium
Show
View Real Time Build Order
Export as new Build Order

Comments (0)

There are no comments. Be the first!

Create an account to comment!